| TOP OF THE 1ST |
|
Aberdeen Ironbirds batting - Pitching for Lowell Spinners : RHP Javier Trujillo
|
|
Pitching: RHP Javier Trujillo
|
|
|
Batting: LHB Miguel Medina
|
0-0: Ground out 6-3 (Groundball, 6, EV 88.1 MPH)
|
|
Batting: RHB Tony Godley
|
0-0: Ball 1-0: Ball 2-0: Foul Ball, location: 2F 2-1: Ball 3-1: Ground out 4-3 (Groundball, 4, EV 96.2 MPH)
|
|
Batting: LHB Adam Oldfield
|
0-0: Called Strike 0-1: Ball 1-1: Ball 2-1: Called Strike 2-2: Foul Ball, location: 2F 2-2: Foul Ball, location: 2F 2-2: Strikes out swinging
|
| Top of the 1st over - 0 runs, 0 hits, 0 errors, 0 left on base; Aberdeen 0 - Lowell 0 |
| BOTTOM OF THE 1ST |
|
Lowell Spinners batting - Pitching for Aberdeen Ironbirds : RHP Jonathan Spicer
|
|
Pitching: RHP Jonathan Spicer
|
|
|
Batting: LHB Sergio Tinoco
|
0-0: Ball 1-0: Swinging Strike 1-1: Swinging Strike 1-2: Ball 2-2: SINGLE (Groundball, 56S, EV 68.8 MPH) (infield hit)
|
|
Batting: RHB Andy Garvin
|
0-0: Ball 1-0: Fielders Choice at 2nd, 5-4 (Groundball, 56, EV 98.1 MPH)
|
|
Batting: LHB Frank Olivo
|
0-0: Ball 1-0: Ball 2-0: DOUBLE (Line Drive, 7LS, EV 103.1 MPH) Andy Garvin to third
|
|
Batting: RHB Alex Cardenas
|
0-0: Ball 1-0: Foul Ball, location: 2F 1-1: Ball 2-1: Foul Ball, location: 2F 2-2: Foul Ball, location: 2F 2-2: Ball 3-2: Strikes out swinging
|
|
Batting: RHB Paul Long
|
0-0: DOUBLE (Flyball, 8RXD, EV 95.0 MPH) Andy Garvin scores Frank Olivo scores
|
|
Batting: RHB Sal Rivera
|
0-0: Ball 1-0: Foul Ball, location: 2F 1-1: Ball 2-1: Swinging Strike 2-2: Strikes out swinging
|
| Bottom of the 1st over - 2 runs, 3 hits, 0 errors, 1 left on base; Aberdeen 0 - Lowell 2 |
| TOP OF THE 2ND |
|
Aberdeen Ironbirds batting - Pitching for Lowell Spinners : RHP Javier Trujillo
|
|
Batting: RHB Daniel Jackson
|
0-0: Ball 1-0: DOUBLE (Flyball, 8LXD, EV 99.4 MPH)
|
|
Batting: RHB Ray Sims
|
0-0: Foul Ball, location: 2F 0-1: Ball 1-1: Ball 2-1: Ball 3-1: Base on Balls
|
|
Batting: RHB Dave Perron
|
0-0: Ball 1-0: Ball 2-0: Ball Wild Pitch! Daniel Jackson to third Ray Sims to second 3-0: Called Strike 3-1: Foul Ball, location: 2F 3-2: Base on Balls
|
|
Batting: LHB Shane Cruse
|
0-0: Ball 1-0: Ball 2-0: Foul Ball, location: 2F 2-1: SINGLE (Groundball, 6MD, EV 106.2 MPH) Daniel Jackson scores Ray Sims to third Dave Perron to second
|
|
Batting: RHB Matt Berrier
|
0-0: Called Strike 0-1: Swinging Strike 0-2: Ball 1-2: Foul Ball, location: 2F 1-2: Ball 2-2: SINGLE (Groundball, 6MD, EV 101.9 MPH) Ray Sims scores Dave Perron to third Shane Cruse to second
|
|
Batting: RHB Honório Szenes
|
0-0: Called Strike 0-1: Ball Wild Pitch! Dave Perron scores Shane Cruse to third Matt Berrier to second 1-1: Ball Wild Pitch! Shane Cruse scores Matt Berrier to third 2-1: Foul Ball, location: 2F 2-2: Fly out, F9 (Flyball, 9, EV 91.2 MPH)
|
|
Batting: LHB Miguel Medina
|
0-0: Ball 1-0: Foul Ball, location: 2F 1-1: Ball 2-1: Foul Ball, location: 2F 2-2: Fly out, F8 (Flyball, 8RXD, EV 91.9 MPH) Runner from 3rd tags up, SCORES, no throw by CF
|
|
Batting: RHB Tony Godley
|
0-0: Ball 1-0: Ball 2-0: Ball 3-0: Called Strike 3-1: Fly out, F9 (Flyball, 89M, EV 96.2 MPH)
|
| Top of the 2nd over - 5 runs, 3 hits, 0 errors, 0 left on base; Aberdeen 5 - Lowell 2 |
| BOTTOM OF THE 2ND |
|
Lowell Spinners batting - Pitching for Aberdeen Ironbirds : RHP Jonathan Spicer
|
|
Batting: RHB Travis Campbell
|
0-0: Ball 1-0: Swinging Strike 1-1: Foul Ball, location: 2F 1-2: Ball 2-2: Ball 3-2: Foul Ball, location: 2F 3-2: Strikes out swinging
|
|
Batting: RHB Joe Sandoval
|
0-0: Ball 1-0: Called Strike 1-1: Fly out, F6 (Flyball, 6D, EV 90.0 MPH)
|
|
Batting: RHB Dominique Paolozzi
|
0-0: Foul Ball, location: 2F 0-1: Swinging Strike 0-2: Ball 1-2: Foul Ball, location: 2F 1-2: Strikes out swinging
|
| Bottom of the 2nd over - 0 runs, 0 hits, 0 errors, 0 left on base; Aberdeen 5 - Lowell 2 |
| TOP OF THE 3RD |
|
Aberdeen Ironbirds batting - Pitching for Lowell Spinners : RHP Javier Trujillo
|
|
Batting: LHB Adam Oldfield
|
0-0: Called Strike 0-1: Swinging Strike 0-2: Ball 1-2: Strikes out swinging
|
|
Batting: RHB Daniel Jackson
|
0-0: Ball 1-0: Ball 2-0: Called Strike 2-1: Foul Ball, location: 2F 2-2: Fly out, F7 (Line Drive, 78XD, EV 85.6 MPH)
|
|
Batting: RHB Ray Sims
|
0-0: Ball 1-0: Foul Ball, location: 2F 1-1: Fly out, F3 (Popup, 3SF, EV 82.5 MPH)
|
| Top of the 3rd over - 0 runs, 0 hits, 0 errors, 0 left on base; Aberdeen 5 - Lowell 2 |
| BOTTOM OF THE 3RD |
|
Lowell Spinners batting - Pitching for Aberdeen Ironbirds : RHP Jonathan Spicer
|
|
Batting: LHB Sergio Tinoco
|
0-0: Called Strike 0-1: Foul Ball, location: 2F 0-2: Foul Ball, location: 2F 0-2: Strikes out swinging
|
|
Batting: RHB Andy Garvin
|
0-0: Ball 1-0: Swinging Strike 1-1: Called Strike 1-2: Ball 2-2: Ground out 5-3 (Groundball, 5L, EV 86.2 MPH)
|
|
Batting: LHB Frank Olivo
|
0-0: Called Strike 0-1: Ball 1-1: Foul Ball, location: 2F 1-2: Strikes out swinging
|
| Bottom of the 3rd over - 0 runs, 0 hits, 0 errors, 0 left on base; Aberdeen 5 - Lowell 2 |
| TOP OF THE 4TH |
|
Aberdeen Ironbirds batting - Pitching for Lowell Spinners : RHP Javier Trujillo
|
|
Pitching: RHP Victor Fuentes
|
|
|
Batting: RHB Dave Perron
|
0-0: Called Strike 0-1: Swinging Strike 0-2: Ball 1-2: Foul Ball, location: 2F 1-2: Ball 2-2: Ground out 2-3 (Groundball, 2R, EV 71.2 MPH)
|
|
Batting: LHB Shane Cruse
|
0-0: Ball 1-0: Ball 2-0: Ground out 6-3 (Groundball, 6MS, EV 84.4 MPH)
|
|
Batting: RHB Matt Berrier
|
0-0: Ball 1-0: Ground out 4-3 (Groundball, 4S, EV 79.4 MPH)
|
| Top of the 4th over - 0 runs, 0 hits, 0 errors, 0 left on base; Aberdeen 5 - Lowell 2 |
| BOTTOM OF THE 4TH |
|
Lowell Spinners batting - Pitching for Aberdeen Ironbirds : RHP Jonathan Spicer
|
|
Batting: RHB Alex Cardenas
|
0-0: Called Strike 0-1: Called Strike 0-2: SINGLE (Line Drive, 9S, EV 98.8 MPH)
|
|
Batting: RHB Paul Long
|
0-0: Ball 1-0: Called Strike 1-1: Ball 2-1: Swinging Strike 2-2: Foul Ball, location: 2F 2-2: Ball 3-2: SINGLE (Line Drive, 9S, EV 103.8 MPH) Alex Cardenas to second
|
|
Batting: RHB Sal Rivera
|
0-0: Ball 1-0: Called Strike 1-1: Ball Wild Pitch! Alex Cardenas to third Paul Long to second 2-1: Ball 3-1: Foul Ball, location: 2F 3-2: Fly out, F6 (Line Drive, 56D, EV 60.6 MPH)
|
|
Batting: RHB Travis Campbell
|
0-0: Ball 1-0: Ball 2-0: Foul Ball, location: 2F 2-1: SINGLE (Groundball, 6D, EV 104.4 MPH) Alex Cardenas scores Paul Long to third Runner from 3rd tries for Home, SAFE, throw by CF to home
|
|
Batting: RHB Joe Sandoval
|
0-0: Ball 1-0: Ball 2-0: Ball 3-0: Base on Balls Travis Campbell to second
|
|
Batting: RHB Dominique Paolozzi
|
0-0: Ball 1-0: Ball 2-0: Foul Ball, location: 2F 2-1: Foul Ball, location: 2F 2-2: Ball 3-2: Fly out, F7 (Flyball, 78M, EV 80.6 MPH)
|
|
Pitching: RHP Michito Ito
|
|
|
Batting: LHB Sergio Tinoco
|
0-0: Called Strike 0-1: Called Strike 0-2: Ball 1-2: Ball 2-2: Foul Ball, location: 2F 2-2: Foul Ball, location: 2F 2-2: Strikes out swinging
|
| Bottom of the 4th over - 2 runs, 3 hits, 0 errors, 2 left on base; Aberdeen 5 - Lowell 4 |
| TOP OF THE 5TH |
|
Aberdeen Ironbirds batting - Pitching for Lowell Spinners : RHP Victor Fuentes
|
|
Batting: RHB Honório Szenes
|
0-0: SINGLE (Groundball, 34S, EV 71.2 MPH) (infield hit)
|
|
Batting: LHB Miguel Medina
|
0-0: Ball 1-0: Ball 2-0: Called Strike 2-1: Foul Ball, location: 2F 2-2: Strikes out swinging
|
|
Batting: RHB Tony Godley
|
0-0: Called Strike Honório Szenes steals 2nd base 0-1: Ball 1-1: Ball 2-1: Called Strike Honório Szenes steals 3rd base 2-2: Foul Ball, location: 2F 2-2: Ground out 5-3 (Groundball, 56S, EV 72.5 MPH) Honório Szenes scores
|
|
Batting: LHB Adam Oldfield
|
0-0: Foul Ball, location: 2F 0-1: Fly out, F7 (Flyball, 78S, EV 86.9 MPH)
|
| Top of the 5th over - 1 run, 1 hit, 0 errors, 0 left on base; Aberdeen 6 - Lowell 4 |
| BOTTOM OF THE 5TH |
|
Lowell Spinners batting - Pitching for Aberdeen Ironbirds : RHP Michito Ito
|
|
Batting: RHB Andy Garvin
|
0-0: Swinging Strike 0-1: SINGLE (Groundball, 6D, EV 111.2 MPH)
|
|
Batting: LHB Frank Olivo
|
0-0: Ball Andy Garvin steals 2nd base 1-0: Swinging Strike 1-1: Foul Ball, location: 2F 1-2: Strikes out swinging
|
|
Batting: RHB Alex Cardenas
|
0-0: Called Strike 0-1: Ball 1-1: Swinging Strike 1-2: Strikes out swinging
|
|
Batting: RHB Paul Long
|
0-0: Called Strike 0-1: Ball 1-1: Swinging Strike 1-2: Ground out 5-3 (Groundball, 56, EV 76.9 MPH)
|
| Bottom of the 5th over - 0 runs, 1 hit, 0 errors, 1 left on base; Aberdeen 6 - Lowell 4 |
| TOP OF THE 6TH |
|
Aberdeen Ironbirds batting - Pitching for Lowell Spinners : RHP Victor Fuentes
|
|
Batting: RHB Daniel Jackson
|
0-0: Ball 1-0: Ground out 6-3 (Groundball, 6, EV 98.1 MPH)
|
|
Batting: RHB Ray Sims
|
0-0: Ball 1-0: SINGLE (Line Drive, 8LS, EV 101.9 MPH)
|
|
Batting: RHB Dave Perron
|
0-0: Ball 1-0: Ball 2-0: Swinging Strike 2-1: Ball 3-1: Base on Balls Ray Sims to second
|
|
Batting: LHB Shane Cruse
|
0-0: Foul Ball, location: 2F 0-1: Called Strike 0-2: Foul Ball, location: 2F 0-2: Foul Ball, location: 2F 0-2: Strikes out looking
|
|
Batting: RHB Matt Berrier
|
0-0: Ball Dave Perron steals 2nd base Ray Sims steals 3rd base 1-0: SINGLE (Groundball, 6MD, EV 105.0 MPH) Ray Sims scores Dave Perron to third Runner from 3rd tries for Home, throw by CF and OUT! 8-2
|
| Top of the 6th over - 1 run, 2 hits, 0 errors, 1 left on base; Aberdeen 7 - Lowell 4 |
| BOTTOM OF THE 6TH |
|
Lowell Spinners batting - Pitching for Aberdeen Ironbirds : RHP Michito Ito
|
|
Batting: RHB Sal Rivera
|
0-0: Fly out, F8 (Line Drive, 78M, EV 111.9 MPH)
|
|
Batting: RHB Travis Campbell
|
0-0: Called Strike 0-1: Called Strike 0-2: Ball 1-2: Strikes out looking
|
|
Batting: RHB Joe Sandoval
|
0-0: Ball 1-0: Foul Ball, location: 2F 1-1: Ground out 6-3 (Groundball, 56, EV 82.5 MPH)
|
| Bottom of the 6th over - 0 runs, 0 hits, 0 errors, 0 left on base; Aberdeen 7 - Lowell 4 |
| TOP OF THE 7TH |
|
Aberdeen Ironbirds batting - Pitching for Lowell Spinners : RHP Victor Fuentes
|
|
Pitching: LHP Chris Woodruff
|
|
|
Batting: RHB Honório Szenes
|
0-0: Ground out 6-3 (Groundball, 6M, EV 80.6 MPH)
|
|
Batting: LHB Miguel Medina
|
0-0: Ball 1-0: Called Strike 1-1: Foul Ball, location: 2F 1-2: Strikes out swinging
|
|
Batting: RHB Tony Godley
|
0-0: Foul Ball, location: 2F 0-1: Swinging Strike 0-2: Foul Ball, location: 2F 0-2: Foul Ball, location: 2F 0-2: Strikes out swinging
|
| Top of the 7th over - 0 runs, 0 hits, 0 errors, 0 left on base; Aberdeen 7 - Lowell 4 |
| BOTTOM OF THE 7TH |
|
Lowell Spinners batting - Pitching for Aberdeen Ironbirds : RHP Michito Ito
|
|
Now at 1B: Adam Oldfield
|
|
|
Now at 2B: Matt Berrier
|
|
|
Now at 3B: Mike Pitts
|
|
|
Now at SS: Fernando Bravo
|
|
|
Now in LF: Tony Godley
|
|
|
Now in CF: Miguel Medina
|
|
|
Batting: RHB Dominique Paolozzi
|
0-0: Ball 1-0: Called Strike 1-1: Foul Ball, location: 2F 1-2: Ground out 6-3 (Groundball, 6, EV 89.4 MPH)
|
|
Batting: LHB Sergio Tinoco
|
0-0: Ball 1-0: Ball 2-0: Called Strike 2-1: Foul Ball, location: 2F 2-2: Fly out, F8 (Flyball, 8RS, EV 76.9 MPH)
|
|
Batting: RHB Andy Garvin
|
0-0: Ball 1-0: Ball 2-0: Ball 3-0: Base on Balls
|
|
Batting: LHB Frank Olivo
|
0-0: Called Strike Andy Garvin is caught stealing 2nd base 2-6
|
| Bottom of the 7th over - 0 runs, 0 hits, 0 errors, 0 left on base; Aberdeen 7 - Lowell 4 |
| TOP OF THE 8TH |
|
Aberdeen Ironbirds batting - Pitching for Lowell Spinners : LHP Chris Woodruff
|
|
Pinch Hitting: RHB Ben Sutton
|
0-0: Ball 1-0: Ball 2-0: Called Strike 2-1: Fly out, F3 (Popup, 34, EV 55.0 MPH)
|
|
Batting: RHB Daniel Jackson
|
0-0: Foul Ball, location: 2F 0-1: Ball 1-1: Foul Ball, location: 2F 1-2: Fly out, F6 (Line Drive, 6, EV 71.2 MPH)
|
|
Batting: RHB Mike Pitts
|
0-0: Ball 1-0: Called Strike 1-1: Ball 2-1: Ball 3-1: Ground out 5-3 (Groundball, 56, EV 86.2 MPH)
|
| Top of the 8th over - 0 runs, 0 hits, 0 errors, 0 left on base; Aberdeen 7 - Lowell 4 |
| BOTTOM OF THE 8TH |
|
Lowell Spinners batting - Pitching for Aberdeen Ironbirds : RHP Michito Ito
|
|
Pitching: RHP Frank Caillouet
|
|
|
Now at 1B: Jeremy Sipe
|
|
|
Batting: LHB Frank Olivo
|
0-0: Called Strike 0-1: Ball 1-1: Foul Ball, location: 2F 1-2: Strikes out swinging
|
|
Batting: RHB Alex Cardenas
|
0-0: Ground out 5-3 (Groundball, 5, EV 85.6 MPH)
|
|
Batting: RHB Paul Long
|
0-0: Called Strike 0-1: Foul Ball, location: 2F 0-2: Hit by Pitch
|
|
Batting: RHB Sal Rivera
|
0-0: Ball 1-0: Swinging Strike 1-1: Ball 2-1: Foul Ball, location: 2F 2-2: Strikes out swinging
|
| Bottom of the 8th over - 0 runs, 0 hits, 0 errors, 1 left on base; Aberdeen 7 - Lowell 4 |
| TOP OF THE 9TH |
|
Aberdeen Ironbirds batting - Pitching for Lowell Spinners : LHP Chris Woodruff
|
|
Pitching: RHP Perry Mills
|
|
|
Batting: RHB Dave Perron
|
0-0: Ground out 4-3 (Groundball, 34, EV 98.1 MPH)
|
|
Batting: LHB Shane Cruse
|
0-0: Called Strike 0-1: Called Strike 0-2: Strikes out swinging
|
|
Batting: RHB Matt Berrier
|
0-0: Ball 1-0: Ground out 6-3 (Groundball, 6MS, EV 79.4 MPH)
|
| Top of the 9th over - 0 runs, 0 hits, 0 errors, 0 left on base; Aberdeen 7 - Lowell 4 |
| BOTTOM OF THE 9TH |
|
Lowell Spinners batting - Pitching for Aberdeen Ironbirds : RHP Frank Caillouet
|
|
Pitching: RHP Chris Kimura
|
|
|
Batting: RHB Travis Campbell
|
0-0: Foul Ball, location: 2F 0-1: Ball 1-1: Called Strike 1-2: Ball 2-2: Foul Ball, location: 2F 2-2: SINGLE (Line Drive, 78M, EV 88.1 MPH)
|
|
Batting: RHB Joe Sandoval
|
0-0: Ball 1-0: Ball 2-0: Called Strike 2-1: Called Strike 2-2: Strikes out swinging
|
|
Batting: SHB Eric Evans
|
0-0: Called Strike 0-1: Fly out, F8 (Flyball, 8LD, EV 100.0 MPH)
|
|
Batting: LHB Sergio Tinoco
|
0-0: DOUBLE (Line Drive, 7LS, EV 100.6 MPH) Travis Campbell to third
|
|
Batting: RHB Andy Garvin
|
0-0: SINGLE (Groundball, 4MD, EV 107.5 MPH) Travis Campbell scores Sergio Tinoco to third
|
|
Batting: LHB Frank Olivo
|
0-0: Called Strike 0-1: Foul Ball, location: 2F 0-2: Ball 1-2: Ball Passed Ball! Sergio Tinoco scores Andy Garvin to second 2-2: Ball 3-2: Foul Ball, location: 2F 3-2: Base on Balls
|
|
Batting: RHB Alex Cardenas
|
0-0: Ball 1-0: Called Strike 1-1: Ball 2-1: Foul Ball, location: 2F 2-2: Ball 3-2: Base on Balls Andy Garvin to third Frank Olivo to second
|
|
Batting: RHB Paul Long
|
0-0: Ground out U3 (Groundball, 34S, EV 64.4 MPH)
|
| Bottom of the 9th over - 2 runs, 3 hits, 0 errors, 3 left on base; Aberdeen 7 - Lowell 6 |
|